 Dungeon Crawl Stone Soup version 0.25-a0-185-g6cfeca75b2 (webtiles) character file.

Game seed: 1235163497110328540, levelgen mode: deterministic

67 Niddhogr the Magician (level 4, 0/35 HPs)
             Began as a Formicid Wizard on Nov 28, 2019.
             Slain by a gnoll
             ... wielding a +0 halberd
              (12 damage)
             ... on level 2 of the Dungeon.
             The game lasted 00:08:37 (2589 turns).

Niddhogr the Magician (Formicid Wizard)             Turns: 2589, Time: 00:08:37

Health: 0/35       AC:  4    Str: 13    XL:     4   Next: 40%
Magic:  7/8        EV: 11    Int: 17    God:
Gold:   106        SH:  2    Dex:  9    Spells: 5/9 levels left

rFire    + . .     SeeInvis +   p - +0 spear
rCold    + . .     Gourm    .   a - +0 buckler
rNeg     . . .     Faith    .   l - +1 leather armour {rF+} {rF+}
rPois    +         Spirit   .   (helmet unavailable)
rElec    .         Reflect  .   (no cloak)
rCorr    .         Harm     .   (no gloves)
MR       .....                  (no boots)
Stlth    ++........             (no amulet)
HPRegen  0.11/turn              I - ring of protection from cold
MPRegen  0.11/turn              P - ring of poison resistance

@: no status effects
A: permanent stasis, dig shafts and tunnels, four strong arms, antennae 3
a: Dig, Shaft Self


You were on level 2 of the Dungeon.
You were not hungry.

You visited 1 branch of the dungeon, and saw 2 of its levels.

You collected 106 gold pieces.

Inventory:

Hand Weapons
 p - a +0 spear (weapon)
Armour
 a - a +0 buckler (worn)
 l - a +1 leather armour of fire resistance (worn) {rF+}
Jewellery
 I - a ring of protection from cold (left hand)
 P - a ring of poison resistance (right hand)
Scrolls
 e - a scroll of random uselessness {unknown}
 f - a scroll of magic mapping {unknown}
 h - a scroll of enchant armour {unknown}
 i - 2 scrolls of amnesia {unknown}
 j - a scroll of blinking {unknown}
 k - a scroll of teleportation {unknown}
 n - a scroll of identify {unknown}
Potions
 g - a potion of degeneration {unknown}
 m - a potion of flight {unknown}
Comestibles
 b - a chunk of flesh
 c - 4 rations


   Skills:
 - Level 3.0 Fighting
 - Level 1.7 Dodging
 - Level 2.4 Stealth
 - Level 3.2 Spellcasting
 - Level 0.8 Conjurations
   Level 1.0 Summonings
   Level 0.8 Translocations
 + Level 2.9 Poison Magic


You had 5 spell levels left.
You knew the following spells:

 Your Spells              Type           Power        Failure   Level  Hunger
a - Magic Dart            Conj           #...         26%         1    None
x - Mephitic Cloud        Conj/Pois/Air  #.......     54%         3    ###....

Your spell library contained the following spells:

 Spells                   Type           Power        Failure   Level  Hunger
 Call Imp                 Summ           #.......     36%         2    ##.....
 Slow                     Hex            #.......     50%         2    ##.....
 Conjure Flame            Conj/Fire      #.......     65%         3    ###....
 Blink                    Tloc           Unusable     N/A         2    N/A

Dungeon Overview and Level Annotations

Branches:
Dungeon (2/15)

Altars:
Okawaru


Innate Abilities, Weirdness & Mutations

You cannot be hasted, slowed, berserked, paralysed or teleported.
You can dig through walls and to a lower floor.
Your four strong arms can wield two-handed weapons with a shield.
You have a pair of large antennae on your head. (SInv)


Message History

Aim: a gnoll, wielding a +0 halberd and wearing a +0 scale mail (severely wounded, confused)
You reach to attack!
You hit the gnoll but do no damage. You hit the gnoll but do no damage.
You hit the gnoll.
Attack whom?
Aim: a gnoll, wielding a +0 halberd and wearing a +0 scale mail (almost dead, confused)
You reach to attack!
You hit the gnoll but do no damage. You hit the gnoll but do no damage.
The gnoll hits you with a +0 halberd!
You take 9 damage, and have 22/35 hp.
MASSIVE DAMAGE!!
You hit the gnoll but do no damage. You hit the gnoll but do no damage.
You barely miss the gnoll. You hit the gnoll but do no damage.
The gnoll misses you.
You hit the gnoll but do no damage. The gnoll hits you with a +0 halberd!
* * * LOW HITPOINT WARNING * * *
You take 11 damage, and have 12/35 hp.
MASSIVE DAMAGE!!
You hit the gnoll. The gnoll hits you with a +0 halberd!
You die...

##### #.. #.# #.#
#.# ### #.# #..
#.# #.# #.# #g#
#####.### ##@##
........#
##...#####
#######.#
#....^%...
#.######....#####
#...............
########.#######
###


You could see a gnoll (confused).

Levels and vault maps discovered:
D:1:      co_arrival_square_in_a_square_in_a_square, layout_basic
D:2:      layout_loops_ring, old_standard_altar

Notes
Turn   | Place    | Note
-------+----------+-------------------------------------------
     0 | D:1      | Niddhogr the Formicid Wizard began the quest for the Orb.
     0 | D:1      | Reached XP level 1. HP: 13/13 MP: 4/4
     6 | D:1      | Identified a ring of protection from cold (You found it on
                  | level 1 of the Dungeon)
    16 | D:1      | Identified a ring of poison resistance (You found it on
                  | level 1 of the Dungeon)
    58 | D:1      | Identified a +0 mace (You found it on level 1 of the
                  | Dungeon)
   159 | D:1      | Reached skill level 1 in Fighting
   160 | D:1      | Identified a +0 club
   168 | D:1      | Identified a +0 short sword
   169 | D:1      | Reached XP level 2. HP: 16/21 MP: 6/6
   217 | D:1      | Reached skill level 2 in Fighting
   528 | D:1      | HP: 3/23 [jackal (3)]
   529 | D:1      | HP: 1/23 [jackal (2)]
   886 | D:1      | Reached XP level 3. HP: 23/28 MP: 7/7
  1064 | D:1      | Identified a +0 club
  1094 | D:1      | Reached skill level 3 in Fighting
  1205 | D:1      | Identified a +0 club
  1214 | D:1      | Learned a level 3 spell: Mephitic Cloud
  1347 | D:2      | Identified a +0 spear
  1360 | D:2      | Identified a +0 spear
  1365 | D:2      | Reached skill level 1 in Poison Magic
  1366 | D:2      | HP: 3/29 [gnoll/+0 spear (10)]
  1670 | D:2      | Found an iron altar of Okawaru.
  1986 | D:2      | Identified a +1 leather armour of fire resistance (You
                  | found it on level 2 of the Dungeon)
  2083 | D:2      | Reached skill level 2 in Poison Magic
  2083 | D:2      | Reached XP level 4. HP: 13/35 MP: 1/8
  2097 | D:2      | Identified a +0 buckler (You found it on level 2 of the
                  | Dungeon)
  2124 | D:2      | Identified a +0 halberd
  2124 | D:2      | Identified a +0 scale mail
  2418 | D:2      | Identified a +0 club
  2418 | D:2      | Identified a cursed -3 hunting sling
  2589 | D:2      | Slain by a gnoll

Table legend:
 A = Turns spent in this place as a percentage of turns spent in the entire game.
 B = Non-inter-level travel turns spent in this place as a percentage of non-inter-level travel turns spent in the entire game.
 C = Inter-level travel turns spent in this place as a percentage of turns spent in this place.
 D = Turns resting spent in this place as a percentage of non-inter-level travel turns spent in this place.
 E = Turns spent auto-exploring this place as a percentage of non-inter-level travel turns spent in this place.
 F = Non-inter-level travel turns spent in this place divided by the number of levels of this place that you've seen.
                   A       B       C       D       E      F
               +-------+-------+-------+-------+-------+----------------------
         Total | 100.0 | 100.0 |   2.2 |  38.1 |  46.9 | 1266.0
       Dungeon | 100.0 | 100.0 |   2.2 |  38.1 |  46.9 | 1266.0
               +-------+-------+-------+-------+-------+----------------------

Table legend:
 A = Kills in this place as a percentage of kills in entire the game.
 B = Kills by you in this place as a percentage of kills by you in the entire game.
 C = Kills by friends in this place as a percentage of kills by friends in the entire game.
 D = Other kills in this place as a percentage of other kills in the entire game.
 E = Experience gained in this place as a percentage of experience gained in the entire game.
 F = Experience gained in this place divided by the number of levels of this place that you have seen.
                   A       B       C       D       E      F
               +-------+-------+-------+-------+-------+----------------------
         Total | 100.0 | 100.0 |   N/A | 100.0 | 100.0 |  48.5
       Dungeon | 100.0 | 100.0 |   N/A | 100.0 | 100.0 |  48.5
               +-------+-------+-------+-------+-------+----------------------

Skill      XL: |  1  2  3 |
---------------+----------+-----
Fighting       | 1 2 3 |  3.0
Poison Magic   | 2 |  2.9
Dodging        | |  1.7
Stealth        | |  2.4
Spellcasting   | |  3.2
Conjurations   | |  0.8
Summonings     | |  1.0
Translocations | |  0.8

Action                   |  1- 3 |  4- 6 || total
-------------------------+-------+-------++-------
Melee: Mace              |    21 |       ||    21
       Short sword       |    86 |       ||    86
       Spear             |       |    37 ||    37
 Cast: Mephitic Cloud    |     2 |     1 ||     3
 Stab: Sleeping          |     3 |     1 ||     4
       Confused          |     1 |     1 ||     2
  Eat: Chunk             |     3 |     3 ||     6
Armor: Robe              |    18 |       ||    18
       Leather armour    |       |     3 ||     3
Dodge: Dodged            |    65 |    15 ||    80
Block: Buckler           |       |     8 ||     8

Vanquished Creatures
  2 gnolls (D:2)
  An adder (D:2)
  A worm (D:2)
  2 dart slugs (D:1)
  3 leopard geckos
  A giant cockroach (D:1)
  3 goblins
  A hobgoblin (D:1)
  8 jackals (D:1)
  3 kobolds (D:1)
  2 frilled lizards (D:1)
  2 rats (D:1)
29 creatures vanquished.
